 Dungeon Crawl Stone Soup version 0.19.0-11-g3fc08b3 (webtiles) character file.

279 mopl the Vexing (level 6, 0/30 HPs)
             Began as a Spriggan Wanderer on Nov 8, 2016.
             Killed by divine providence
             ... invoked by an orc priest
              (12 damage)
             ... on level 3 of the Dungeon.
             The game lasted 00:12:52 (5822 turns).

mopl the Vexing (Spriggan Wanderer)                 Turns: 5822, Time: 00:12:53

Health: 0/30       AC: -4    Str:  5    XL:     6   Next: 5%
Magic:  1/13       EV: 18    Int: 16    God:
Gold:   166        SH:  0    Dex: 18    Spells: 4 memorised, 4 levels left

rFire  . . .     SeeInvis +     a - +1 dagger (flame)
rCold  . . .     Gourm    .     d - +0 robe
rNeg   . . .     Faith    .     (shield restricted)
rPois  .         Spirit   .     (helmet restricted)
rElec  .         Reflect  .     (no cloak)
rCorr  .         Harm     .     (gloves unavailable)
MR     +....                    (boots unavailable)
Stlth  +++.......               (no amulet)
                                (no ring)
                                w - -6 ring of protection (curse)

@: very quick
A: unfitting armour, see invisible, herbivore 3, speed 3, slow metabolism 2
a: no special abilities


You were on level 3 of the Dungeon.
You were not hungry.

You visited 1 branch of the dungeon, and saw 4 of its levels.

You collected 166 gold pieces.

Inventory:

Hand Weapons
 a - a +1 dagger of flaming (weapon)
 j - a +2 long sword of distortion
Missiles
 x - 4 tomahawks (quivered)
Armour
 d - a +0 robe (worn)
Jewellery
 w - a cursed -6 ring of protection (left hand)
Wands
 u - a wand of iceblast (3/15)
Scrolls
 h - 3 scrolls of noise {unknown}
 i - a scroll of enchant weapon {unknown}
 k - 4 scrolls of identify {unknown}
 l - a scroll of amnesia {unknown}
 m - a scroll of blinking {unknown}
 n - a scroll of teleportation {unknown}
 p - a scroll of remove curse {unknown}
 s - a scroll of fog {unknown}
Potions
 c - 3 potions of lignification {!q}
 o - a potion of curing {unknown}
 q - 2 potions of cancellation {unknown}
 r - 2 potions of flight {unknown}
 t - a potion of invisibility {unknown}
 v - a potion of mutation {unknown}
Books
 b - the Disquisition on Evil Secrets

   Spells                             Type                      Level
   a - Pain                           Necromancy                   1
   b - Regeneration                   Charms/Necromancy            3
 e - a book of Maledictions

   Spells                             Type                      Level
   a - Corona                         Hexes                        1
   b - Ensorcelled Hibernation        Hexes/Ice                    2
   c - Confuse                        Hexes                        3
   d - Tukima's Dance                 Hexes                        3
   e - Dazzling Spray                 Conjuration/Hexes            3
Comestibles
 f - 3 bread rations
 g - 5 fruits


   Skills:
 - Level 1.0 Fighting
 + Level 2.1 Short Blades
 - Level 3.0 Dodging
 + Level 4.7 Stealth
 + Level 4.1 Spellcasting
 * Level 5.7 Hexes
 + Level 1.5 Ice Magic


You had 4 spell levels left.
You knew the following spells:

 Your Spells              Type           Power        Failure   Level  Hunger
a - Corona                Hex            ###....      1%          1    None
b - Ensorcelled Hibernat  Hex/Ice        ###...       8%          2    ##.....
c - Confuse               Hex            ###.....     6%          3    ###....
d - Tukima's Dance        Hex            ###.....     6%          3    ###....


Dungeon Overview and Level Annotations

Branches:
Dungeon (4/15)
 Temple: D:4-7

Altars:

Annotations:
D:4 Kareekexe's ghost, amateur FoFi


Innate Abilities, Weirdness & Mutations

You are very small and have problems with some larger weapons.
You are too small for most types of armour.
You have supernaturally acute eyesight. (SInv)
You are a herbivore.
You cover ground extremely quickly.
You need consume almost no food.


Message History

Aiming: Confuse
Press: ? - help, Shift-Dir - straight line, f/p - orc priest
Aim: an orc priest, wielding a morningstar and wearing a chain mail (chance to defeat MR: 50%)
The orc priest resists with significant effort.
The orc priest invokes the aid of Beogh against you.
Pain shoots through your body!
Evoke which item? (* to show all) (? for menu, Esc to quit)
Zapping:
u - a wand of iceblast (will waste charges)
Press: ? - help, Shift-Dir - straight line, f/p - orc priest
Aim: an orc priest, wielding a morningstar and wearing a chain mail The mass of ice explodes!
The iceblast engulfs the orc priest.
The orc priest is almost dead.
Evoking this partially-identified wand wasted a few charges.
Unknown command.
You hit the orc priest but do no damage.
The orc priest is almost dead.
The orc priest barely misses you.
The orc priest invokes the aid of Beogh against you.
Beogh smites you!
You die...

# #.....#..# # #.)...#..#
# #.....#..# # #[....#..#
# #.....#..#
######.....#..##########
'.............#........###
##########.##.#..........#
..............o.@........#
##########.##.#..........#
# #.##.#..........# #
#.##.#.[........#
##########..#.###'####...#
.....)..###.#.# #........#
........###o#'###........#
...............##........#
...#####.......#....######


You could see an orc priest.

Vanquished Creatures
  A scorpion (D:4)
  A hound skeleton (D:4)
  3 gnolls
  8 adders
  An ooze (D:1)
  A worm (D:3)
  A dart slug (D:1)
  2 leopard geckos (D:1)
  11 orcs
  6 giant cockroaches
  9 goblins
  9 hobgoblins
  6 jackals
  A quokka (D:3)
  14 bats
  3 frilled lizards
  10 kobolds
  9 rats
96 creatures vanquished.

Notes
Turn   | Place    | Note
-------+----------+-------------------------------------------
     0 | D:1      | mopl the Spriggan Wanderer began the quest for the Orb.
     0 | D:1      | mopl set off with: a book of Maledictions, the Disquisition on Evil Secrets, a potion of lignification {!q}, a +0 robe, a +0 dagger, a bread ration
     0 | D:1      | Reached XP level 1. HP: 10/10 MP: 5/5
     0 | D:1      | Identified the Disquisition on Evil Secrets
    49 | D:1      | Learned a level 1 spell: Corona
   674 | D:1      | Reached skill level 4 in Hexes
   674 | D:1      | Reached XP level 2. HP: 8/14 MP: 2/6
   678 | D:1      | Learned a level 2 spell: Ensorcelled Hibernation
   855 | D:2      | Reached skill level 1 in Short Blades
  1099 | D:2      | Reached XP level 3. HP: 18/18 MP: 1/8
  1104 | D:2      | Learned a level 3 spell: Confuse
  1558 | D:2      | Reached skill level 3 in Spellcasting
  2365 | D:1      | Reached skill level 1 in Ice Magic
  2365 | D:1      | Reached XP level 4. HP: 20/22 MP: 5/9
  2371 | D:1      | Learned a level 3 spell: Tukima's Dance
  3451 | D:3      | Reached skill level 5 in Hexes
  3502 | D:3      | Reached skill level 4 in Stealth
  3561 | D:3      | HP: 1/22 [orc priest/divine providence (11)]
  3969 | D:3      | Reached XP level 5. HP: 18/25 MP: 0/11
  4577 | D:4      | Noticed Kareekexe's ghost (amateur FoFi)
  5658 | D:4      | Reached skill level 2 in Short Blades
  5658 | D:4      | Reached skill level 4 in Spellcasting
  5671 | D:4      | Reached XP level 6. HP: 30/30 MP: 5/13
  5822 | D:3      | Killed from afar by an orc priest

Skill      XL: |  1  2  3  4  5 |
---------------+----------------+-----
Hexes          | 4 5 |  5.7
Short Blades   | 1 2 |  2.1
Spellcasting   | 3 4 |  4.1
Ice Magic      | 1 |  1.5
Stealth        | 4 |  4.7
Fighting       | |  1.0
Dodging        | |  3.0

Action                   |  1- 3 |  4- 6 || total
-------------------------+-------+-------++-------
Melee: Dagger            |   186 |   166 ||   352
 Cast: Corona            |     9 |     4 ||    13
       Ensorcelled Hiber |    33 |    46 ||    79
       Confuse           |       |    11 ||    11
Evoke: Wand              |       |     1 ||     1
 Stab: Sleeping          |    22 |    40 ||    62
       Distracted        |     1 |       ||     1
       Confused          |       |     2 ||     2
  Eat: Fruit             |     1 |       ||     1
       Bread ration      |       |     1 ||     1
       Royal jelly       |       |     1 ||     1
Armor: Robe              |    24 |     6 ||    30
Dodge: Dodged            |   195 |   126 ||   321
